 Dungeon Crawl Stone Soup version 0.30-a0-715-gdb4ae3ece1 (webtiles) character file.

Game seed: 14476520285291437255

1821 RapScallion the Carver (level 9, -1/74 HPs)
             Began as a Hill Orc Reaver on Jan 25, 2023.
             Was an Initiate of Vehumet.
             Slain by Joseph
             ... wielding a +0 quarterstaff
              (19 damage)
             ... on level 7 of the Dungeon.
             The game lasted 00:44:34 (6913 turns).

RapScallion the Carver (Hill Orc Reaver)            Turns: 6913, Time: 00:44:35

Health: -1/74      AC:  4    Str: 21    XL:     9   Next: 10%
Magic:  7/14       EV: 12    Int: 15    God:    Vehumet [......]
Gold:   300        SH:  0    Dex: 17    Spells: 11/15 levels left

rFire   . . .      SeeInvis .    v - +2 falchion (holy)
rCold   + . .      Faith    .    (no shield)
rNeg    . . .      Spirit   .    x - +2 leather armour {rC+}
rPois   .          Reflect  .    (no helmet)
rElec   .          Harm     .    (no cloak)
rCorr   .          Rampage  .    u - +2 pair of gloves
Will    .....                    m - +2 pair of boots {Stlth+}
Stlth   ++                       i - amulet of the acrobat
HPRegen 0.32/turn                l - +6 ring of strength
MPRegen 0.14/turn                f - +6 ring of dexterity

@: corroded
A: no striking features
a: Renounce Religion


You were on level 7 of the Dungeon.
You worshipped Vehumet.
Vehumet was noncommittal.
You visited 2 branches of the dungeon, and saw 8 of its levels.

You collected 444 gold pieces.
You spent 144 gold pieces at shops.

Inventory:

Hand Weapons
 v - a +2 falchion of holy wrath (weapon)
 E - a +2 short sword of draining
 G - a +4 dagger of flaming
Missiles
 o - 5 silver javelins
Armour
 m - a +2 pair of boots of stealth (worn)
 u - a +2 pair of gloves (worn)
 x - a +2 leather armour of cold resistance (worn)
 C - a +2 leather armour of positive energy
Jewellery
 a - a ring of willpower
 e - a ring of flight
 f - a +6 ring of dexterity (right hand)
 i - an amulet of the acrobat (around neck)
 l - a +6 ring of strength (left hand)
 w - the ring "Uqohuav" {Fire Will- Int+4}
   (You took it off an orc on level 5 of the Dungeon)

   [ring of fire]

   It enhances your fire magic.
   Int:       It affects your intelligence (+4).
   rF:        It protects you from fire.
   rC:        It makes you vulnerable to cold.
   Will:      It decreases your willpower.
 H - a ring of fire
Wands
 s - a wand of polymorph (28)
 y - a wand of acid (6)
Scrolls
 c - 2 scrolls of magic mapping
 g - 3 scrolls of noise
 h - a scroll of vulnerability
 j - a scroll of fog
 k - 3 scrolls of teleportation
 p - 4 scrolls of torment
 q - a scroll of poison
 t - a scroll of amnesia {unknown}
 A - a scroll of fear {unknown}
 F - 4 scrolls of identify
Potions
 b - 2 potions of ambrosia
 d - 3 potions of mutation
 n - 6 potions of curing
 r - 2 potions of degeneration
 z - a potion of haste
 B - a potion of attraction {unknown}
 D - a potion of flight {unknown}


   Skills:
 - Level 5.0 Fighting
 - Level 8.0 Long Blades
 - Level 5.0 Armour
 - Level 1.9 Dodging
 - Level 0.2 Stealth
 + Level 3.8 Spellcasting
 + Level 4.9 Conjurations
 + Level 0.4 Necromancy
 + Level 2.4 Translocations


You had 11 spell levels left.
You knew the following spells:

 Your Spells              Type           Power      Damage    Failure   Level
a - Kiss of Death         Conj/Necr      44%        2d8       7%          1
b - Momentum Strike       Conj/Tloc      26%        3d8       7%          2
c - Magic Dart            Conj           68%        1d6       2%          1

Your spell library contained the following spells:

 Spells                   Type           Power      Damage    Failure   Level
 Searing Ray              Conj           34%        2d5       4%          2
 Apportation              Tloc           20%        N/A       8%          1
 Necrotise                Necr           16%        1d4       17%         1
 Summon Small Mammal      Summ           8%         N/A       22%         1
 Hailstorm                Conj/Ice       10%        3d5       22%         3
 Call Imp                 Summ           2%         N/A       32%         2
 Mephitic Cloud           Conj/Pois/Air  7%         N/A       32%         3
 Portal Projectile        Hex/Tloc       12%        N/A       36%         3
 Ozocubu's Armour         Ice            2%         N/A       54%         3
 Tukima's Dance           Hex            2%         N/A       54%         3
 Flame Wave               Conj/Fire      10%        2d6       58%         4
 Fulminant Prism          Conj/Hex       5%         3d7       58%         4
 Animate Dead             Necr           4%         N/A       86%         4
 Freezing Cloud           Conj/Ice/Air   3%         6-21      96%         5
 Blade Hands              Tmut           1%         N/A       99%         5
 Haunt                    Necr/Summ      1%         N/A       100%        7
 Ozocubu's Refrigeration  Ice            1%         4d7       100%        7
 Infestation              Necr           2%         N/A       100%        8


Dungeon Overview and Level Annotations

Branches:
Dungeon (7/15)             Temple (1/1) D:7

Altars:
Ashenzari
Dithmenos
Elyvilon
Fedhas
Gozag
Hepliaklqana
Kikubaaqudgha
Makhleb
Nemelex Xobeh
Okawaru
Qazlal
Ru
Sif Muna
Trog
Vehumet
Wu Jian
Xom
Yredelemnul
Zin
The Shining One

Shops:
D:3 *(   D:6 !

Annotations:
D:6 3 runed translucent doors, Bediveer's ghost, novice DsFi; Palms's ghost, novice AtWr; pokeman's ghost, novice DEHW
D:7 Joseph


Message History

Joseph zaps a wand.
The bolt of acid hits you but does no damage.
The acid corrodes you!
You closely miss Joseph.
Joseph is heavily wounded.
Joseph barely misses you.
You completely miss Joseph.
Joseph is heavily wounded.
You slash Joseph!
Joseph is severely wounded.
Joseph hits you with a +0 quarterstaff!
You hit Joseph but do no damage.
Joseph is severely wounded.
Joseph hits you with a +0 quarterstaff!
You hit Joseph but do no damage.
Joseph is severely wounded.
Joseph zaps a wand.
The bolt of acid misses you.
You hit Joseph but do no damage.
Joseph is severely wounded.
You are no longer robbed of momentum.
Joseph hits you with a +0 quarterstaff!
* * * LOW HITPOINT WARNING * * *
Casting: Momentum Strike (safe; 7% risk of failure)
Confirm with . or Enter, or press ? or * to list all spells.
Aiming: Momentum Strike (safe; 7% risk of failure)
Press: ? - help, Dir - move target, f/p - Joseph
Aim: Joseph, wielding a +0 quarterstaff, wearing a +0 leather armour and carrying a wand of acid (5) (severely wounded, 71% to hit)
The concentrated momentum misses Joseph.
Joseph hits you with a +0 quarterstaff.
* * * LOW HITPOINT WARNING * * *
You hit Joseph but do no damage.
Joseph is severely wounded.
Joseph barely misses you.
You hit Joseph but do no damage.
Joseph is severely wounded.
Joseph barely misses you.
You closely miss Joseph.
Joseph is severely wounded.
Joseph hits you with a +0 quarterstaff!!
You die...

...........#..'....#
...........#..#....# .
...........####....#.# #
.#########......####.#..
.# #......#....'. .#
#......#....# .#
#......'....# .##
#......#'####.. ..#
##.....@@...... ..#
#............. ..#
..'............. ..#
.##............. .## #
########...... .# ......
.# ...... .# ...... ##


You could see Joseph.

Vanquished Creatures
  A troll (D:6)
  Grinder (D:6)
  Duvessa (D:7)
  A sky beast (D:7)
  An orc warrior (D:6)
  3 ogres
  A bullfrog (D:6)
  2 necrophages
  Dowan (D:7)
  3 howler monkeys
  2 hounds
  2 jellies
  A gnoll bouda (D:5)
  4 iguanas
  An orc wizard (D:5)
  5 gnolls
  9 adders
  A shadow imp (D:5)
  A white imp (D:6)
  2 ufetubi
  4 worms
  2 dart slugs
  14 orcs
  7 bats
  6 endoplasms
  5 giant cockroaches
  3 goblins
  6 hobgoblins
  3 jackals (D:1)
  4 quokkas
  3 ball pythons
  6 frilled lizards
  5 kobolds
  6 rats
117 creatures vanquished.

Notes
Turn   | Place    | Note
-------+----------+-------------------------------------------
     0 | D:1      | RapScallion the Hill Orc Reaver began the quest for the
                  | Orb.
     0 | D:1      | Reached XP level 1. HP: 18/18 MP: 3/3
   169 | D:1      | Reached XP level 2. HP: 19/21 MP: 2/4
   389 | D:1      | Learned a level 2 spell: Momentum Strike
   626 | D:1      | Reached XP level 3. HP: 27/27 MP: 5/5
   983 | D:2      | Reached skill level 1 in Armour
  1350 | D:2      | Reached skill level 4 in Long Blades
  1350 | D:2      | Reached XP level 4. HP: 34/35 MP: 3/6
  1484 | D:3      | Found Lilloas's General Store.
  2105 | D:3      | Found Kutokh's Antique Weapon Shop.
  2109 | D:3      | Learned a level 1 spell: Magic Dart
  2127 | D:3      | Bought a runed falchion for 144 gold pieces
  2332 | D:3      | Found a bloodstained altar of Trog.
  2341 | D:3      | Found a hazy altar of Hepliaklqana.
  2346 | D:3      | Found a basalt altar of Yredelemnul.
  2887 | D:4      | Found a sparkling altar of Nemelex Xobeh.
  2992 | D:4      | Reached XP level 5. HP: 45/45 MP: 7/7
  2997 | D:4      | Found an ornate altar of the Wu Jian Council.
  3386 | D:5      | Entered Level 5 of the Dungeon
  3483 | D:5      | Reached skill level 5 in Long Blades
  3596 | D:5      | Reached XP level 6. HP: 30/51 MP: 8/8
  3663 | D:5      | Identified the ring "Uqohuav" {Fire Will- Int+4}
  4041 | D:5      | Got the Atlas of Percussion
  4158 | D:4      | Reached skill level 6 in Long Blades
  4303 | D:5      | Reached XP level 7. HP: 39/59 MP: 6/9
  4824 | D:6      | Found Yvi Desug's Distillery.
  4836 | D:6      | Reached skill level 7 in Long Blades
  4875 | D:6      | Noticed a troll
  4892 | D:6      | Killed a troll
  4893 | D:6      | Reached skill level 1 in Translocations
  4893 | D:6      | Reached XP level 8. HP: 27/67 MP: 4/11
  5114 | D:6      | Reached skill level 8 in Long Blades
  5160 | D:6      | Found a runed translucent gate.
  5160 | D:6      | Found a runed translucent gate.
  5179 | D:6      | Reached skill level 5 in Fighting
  5212 | D:6      | Found a runed translucent gate.
  5214 | D:6      | Noticed Grinder
  5224 | D:6      | Killed Grinder
  5262 | D:6      | Noticed Bediveer's ghost (novice DsFi)
  5262 | D:6      | Noticed pokeman's ghost (novice DEHW)
  5263 | D:6      | Noticed Palms's ghost (novice AtWr)
  5508 | D:7      | Noticed Joseph
  5913 | D:7      | Noticed Duvessa
  5941 | D:7      | Noticed Dowan
  5946 | D:7      | Killed Duvessa
  5947 | D:7      | Reached skill level 5 in Armour
  5962 | D:7      | Killed Dowan
  6293 | D:7      | Reached XP level 9. HP: 44/74 MP: 11/14
  6491 | D:7      | Found a staircase to the Ecumenical Temple.
  6500 | Temple   | Entered the Ecumenical Temple
  6682 | Temple   | Became a worshipper of Vehumet
  6913 | D:7      | Slain by Joseph

Illustrated notes

Levels and vault maps discovered:
D:1:      kennysheep_arrival_forest, layout_basic, minmay_close_crescents
D:2:      layout_rooms
D:3:      layout_basic, minmay_overflow_temple_star_quad, serial_shops,
          nicolae_shop_advertising_works [nicolae_subvault_shop_adworks],
          nicolae_shop_statue_plus
D:4:      layout_basic, nemelex_dance_club_becter, lemuel_coloured_pillars_altar
D:5:      layout_basic
D:6:      layout_rooms, gammafunk_ghost_cemetery, serial_shops, shop,
          nicolae_fountain_basement, uniq_grinder
D:7:      layout_gridville, temple_doors_cd, uniq_joseph, uniq_duvessa
Temple:   bh_familiar_temple

Skill      XL: |  1  2  3  4  5  6  7  8 |
---------------+-------------------------+-----
Armour         | 1 2 3 5 |  5.0
Long Blades    | 4 5 6 7 8 |  8.0
Fighting       | 3 4 5 |  5.0
Spellcasting   | 2 3 |  3.8
Translocations | 1 2 |  2.4
Conjurations   | 4 |  4.9
Dodging        | |  1.9
Stealth        | |  0.2
Necromancy     | |  0.4

Action                     |  1- 3 |  4- 6 |  7- 9 || total
---------------------------+-------+-------+-------++-------
  Melee: Falchion          |    91 |   155 |   154 ||   400
         Punch             |       |     2 |     3 ||     5
   Cast: Kiss of Death     |     1 |       |     1 ||     2
         Momentum Strike   |     6 |     7 |    13 ||    26
         Magic Dart        |       |     2 |    45 ||    47
    Use: Scroll            |     4 |     5 |     3 ||    12
   Stab: Sleeping          |     5 |     6 |       ||    11
         Distracted        |       |       |     1 ||     1
 Armour: Leather armour    |    21 |    63 |    54 ||   138
  Dodge: Dodged            |    57 |   123 |   108 ||   288

Table legend: (Time is in decaauts)
 A = Elapsed time spent in this place.
 B = Non-inter-level travel time spent in this place.
 C = Inter-level travel time spent in this place.
 D = Time resting spent in this place.
 E = Time spent auto-exploring this place.
 F = Levels seen in this place.
 G = Mean time per level.
                   A        B        C        D        E       F      G
               +--------+--------+--------+--------+--------+-----+--------+
         Total |   6918 |   6446 |    472 |   1616 |    826 |   8 |  864.8 |
       Dungeon |   6710 |   6270 |    440 |   1616 |    657 |   7 |  958.6 |
        Temple |    208 |    176 |     32 |      0 |    169 |   1 |  208.0 |
               +--------+--------+--------+--------+--------+-----+--------+

Top non-repeatable levels by time:
     D:6: 1186 daAuts
     D:3: 1079 daAuts
     D:5: 1065 daAuts
     D:4: 1063 daAuts
     D:1: 915 daAuts
     D:7: 870 daAuts
     D:2: 528 daAuts
  Temple: 208 daAuts
